SA
BELLEVUE BRUINS @ MT. VERNON BULLS
08/23/2030
 
TOP OF THE 1ST
Bellevue Bruins batting - Pitching for Mt. Vernon Bulls : RHP Bobby Roode
Pitching: RHP Bobby Roode
Batting: LHB Atro Jarvilehto 0-0: Ball
1-0: DOUBLE (Line Drive, 5D)
Batting: RHB Ryan Faulkner 0-0: Called Strike
0-1: Ball
1-1: Ball
Wild Pitch!
Atro Jarvilehto to third
2-1: Called Strike
2-2: Foul Ball, location: 2F
2-2: Strikes out swinging
Batting: SHB Júlio Morín Jr. 0-0: Ground out 4-3 (Groundball, 4)
Atro Jarvilehto scores
Batting: SHB Aurelio Jiménez 0-0: Foul Ball, location: 2F
0-1: Foul Ball, location: 2F
0-2: Ball
1-2: Ball
2-2: Foul Ball, location: 2F
2-2: Ball
3-2: Foul Ball, location: 2F
3-2: Foul Ball, location: 2F
3-2: Foul Ball, location: 2F
3-2: Fly out, F6 (Popup, 4MD)
Top of the 1st over - 1 run, 1 hit, 0 errors, 0 left on base; Bellevue 1 - Mt. Vernon 0
BOTTOM OF THE 1ST
Mt. Vernon Bulls batting - Pitching for Bellevue Bruins : RHP Jeff Porter
Pitching: RHP Jeff Porter
Batting: SHB Toby Sutton 0-0: Called Strike
0-1: Ball
1-1: Foul Ball, location: 2F
1-2: Fly out, F7 (Flyball, 7LMF)
Batting: RHB Robby Arnold 0-0: Swinging Strike
0-1: Ball
1-1: Hit by Pitch
Batting: RHB Tyler Utterback 0-0: Called Strike
Robby Arnold is caught stealing 2nd base
0-1: Ball
1-1: Swinging Strike
1-2: Foul Ball, location: 2F
1-2: Strikes out swinging
Bottom of the 1st over - 0 runs, 0 hits, 0 errors, 0 left on base; Bellevue 1 - Mt. Vernon 0
TOP OF THE 2ND
Bellevue Bruins batting - Pitching for Mt. Vernon Bulls : RHP Bobby Roode
Batting: RHB Oki Hai 0-0: Ball
1-0: Ball
2-0: SINGLE (Groundball, 6MD)
Batting: SHB Jorge Ayala 0-0: Fielders Choice at 2nd, 6-4 (Groundball, 6M)
Batting: RHB Dennis Shaw 0-0: Ball
1-0: Ball
2-0: Called Strike
2-1: SINGLE (Groundball, 4MD)
Jorge Ayala to second
Runner from 2nd tries for 3rd, OUT!
Batting: SHB Paul Maddox 0-0: Ball
1-0: Fly out, F8 (Line Drive, 8RD)
Top of the 2nd over - 0 runs, 2 hits, 0 errors, 1 left on base; Bellevue 1 - Mt. Vernon 0
BOTTOM OF THE 2ND
Mt. Vernon Bulls batting - Pitching for Bellevue Bruins : RHP Jeff Porter
Batting: LHB Pablo Morales 0-0: Fly out, F7 (Flyball, 7LS)
Batting: RHB José Salinas 0-0: SINGLE (Groundball, 56D)
Batting: SHB Rodolphe Nairn 0-0: Foul Ball, location: 2F
0-1: Fly out, F6 (Popup, 6M)
Batting: RHB Jesse Francis 0-0: Called Strike
0-1: Swinging Strike
0-2: Ball
1-2: Strikes out swinging
Bottom of the 2nd over - 0 runs, 1 hit, 0 errors, 1 left on base; Bellevue 1 - Mt. Vernon 0
TOP OF THE 3RD
Bellevue Bruins batting - Pitching for Mt. Vernon Bulls : RHP Bobby Roode
Batting: RHB Melvin Daniels 0-0: Called Strike
0-1: Called Strike
0-2: Ball
1-2: Ball
2-2: Fly out, F8 (Flyball, 8RM)
Batting: LHB Atro Jarvilehto 0-0: Called Strike
0-1: Ball
1-1: Ball
2-1: Ground out 4-3 (Groundball, 4)
Batting: RHB Ryan Faulkner 0-0: Ball
1-0: Ball
2-0: Swinging Strike
2-1: Called Strike
2-2: Ground out 6-3 (Groundball, 6)
Top of the 3rd over - 0 runs, 0 hits, 0 errors, 0 left on base; Bellevue 1 - Mt. Vernon 0
BOTTOM OF THE 3RD
Mt. Vernon Bulls batting - Pitching for Bellevue Bruins : RHP Jeff Porter
Batting: RHB Renato Lavado 0-0: Called Strike
0-1: Foul Ball, location: 2F
0-2: Fly out, F8 (Flyball, 8RXD)
Batting: LHB Rich Watkins 0-0: Ball
1-0: Ball
2-0: Called Strike
2-1: Ball
3-1: Called Strike
3-2: Foul Ball, location: 2F
3-2: Foul Ball, location: 2F
3-2: Foul Ball, location: 2F
3-2: Ground out 4-3 (Groundball, 4)
Batting: SHB Toby Sutton 0-0: Called Strike
0-1: Swinging Strike
0-2: Foul Ball, location: 2F
0-2: Ball
1-2: SINGLE (Line Drive, 34)
Batting: RHB Robby Arnold 0-0: Ball
1-0: Ball
Toby Sutton steals 2nd base
2-0: Ground out 6-3 (Groundball, 56)
Bottom of the 3rd over - 0 runs, 1 hit, 0 errors, 1 left on base; Bellevue 1 - Mt. Vernon 0
TOP OF THE 4TH
Bellevue Bruins batting - Pitching for Mt. Vernon Bulls : RHP Bobby Roode
Batting: SHB Júlio Morín Jr. 0-0: Called Strike
0-1: Called Strike
0-2: Reached via error on a dropped throw, E3
Batting: SHB Aurelio Jiménez 0-0: Called Strike
0-1: Ball
1-1: Foul Ball, location: 2F
1-2: Foul Ball, location: 2F
1-2: Ball
2-2: Strikes out swinging
Batting: RHB Oki Hai 0-0: Foul Ball, location: 2F
0-1: Ball
1-1: Called Strike
1-2: Ground out 4-3 (Groundball, 4S)
Júlio Morín Jr. to second
Batting: SHB Jorge Ayala 0-0: Ball
1-0: Ground out 5-3 (Groundball, 5)
Top of the 4th over - 0 runs, 0 hits, 1 error, 1 left on base; Bellevue 1 - Mt. Vernon 0
BOTTOM OF THE 4TH
Mt. Vernon Bulls batting - Pitching for Bellevue Bruins : RHP Jeff Porter
Batting: RHB Tyler Utterback 0-0: Called Strike
0-1: Swinging Strike
0-2: Ground out U3 (Groundball, 34)
Batting: LHB Pablo Morales 0-0: Called Strike
0-1: Ground out 3-1 (Groundball, 34S)
Batting: RHB José Salinas 0-0: Ball
1-0: Called Strike
1-1: Ball
2-1: Called Strike
2-2: Ground out 5-3 (Groundball, 56S)
Bottom of the 4th over - 0 runs, 0 hits, 0 errors, 0 left on base; Bellevue 1 - Mt. Vernon 0
TOP OF THE 5TH
Bellevue Bruins batting - Pitching for Mt. Vernon Bulls : RHP Bobby Roode
Batting: RHB Dennis Shaw 0-0: Called Strike
0-1: Ball
1-1: Swinging Strike
1-2: Ball
2-2: Strikes out swinging, 2-3 out at first.
Batting: SHB Paul Maddox 0-0: Called Strike
0-1: Foul Ball, location: 2F
0-2: Foul Ball, location: 2F
0-2: Ball
1-2: Ball
2-2: Foul Ball, location: 2F
2-2: Strikes out swinging
Batting: RHB Melvin Daniels 0-0: Ball
1-0: Ground out 4-3 (Groundball, 4)
Top of the 5th over - 0 runs, 0 hits, 0 errors, 0 left on base; Bellevue 1 - Mt. Vernon 0
BOTTOM OF THE 5TH
Mt. Vernon Bulls batting - Pitching for Bellevue Bruins : RHP Jeff Porter
Batting: SHB Rodolphe Nairn 0-0: Ball
1-0: Foul Ball, location: 2F
1-1: Fly out, F8 (Flyball, 8LS)
Batting: RHB Jesse Francis 0-0: Called Strike
0-1: Ground out 1-3 (Groundball, P)
Batting: RHB Renato Lavado 0-0: Called Strike
0-1: Ball
1-1: Foul Ball, location: 2F
1-2: Ball
2-2: Foul Ball, location: 2F
2-2: Ground out 4-3 (Groundball, 4)
Bottom of the 5th over - 0 runs, 0 hits, 0 errors, 0 left on base; Bellevue 1 - Mt. Vernon 0
TOP OF THE 6TH
Bellevue Bruins batting - Pitching for Mt. Vernon Bulls : RHP Bobby Roode
Batting: LHB Atro Jarvilehto 0-0: Foul Ball, location: 2F
0-1: Foul Ball, location: 2F
0-2: Ball
1-2: Strikes out swinging
Batting: RHB Ryan Faulkner 0-0: Swinging Strike
0-1: Called Strike
0-2: Strikes out swinging, 2-3 out at first.
Batting: SHB Júlio Morín Jr. 0-0: Called Strike
0-1: Ball
1-1: SINGLE (Groundball, 4S) (infield hit)
Batting: SHB Aurelio Jiménez 0-0: Fly out, F7 (Flyball, 78M)
Top of the 6th over - 0 runs, 1 hit, 0 errors, 1 left on base; Bellevue 1 - Mt. Vernon 0
BOTTOM OF THE 6TH
Mt. Vernon Bulls batting - Pitching for Bellevue Bruins : RHP Jeff Porter
Batting: LHB Rich Watkins 0-0: Swinging Strike
0-1: Ball
1-1: Swinging Strike
1-2: Strikes out swinging
Batting: SHB Toby Sutton 0-0: Ball
1-0: Foul Ball, location: 2F
1-1: Called Strike
1-2: Foul Ball, location: 2F
1-2: Ball
2-2: Foul Ball, location: 2F
2-2: Strikes out looking
Batting: RHB Robby Arnold 0-0: Ball
1-0: Fly out, F3 (Popup, 34S)
Bottom of the 6th over - 0 runs, 0 hits, 0 errors, 0 left on base; Bellevue 1 - Mt. Vernon 0
TOP OF THE 7TH
Bellevue Bruins batting - Pitching for Mt. Vernon Bulls : RHP Bobby Roode
Batting: RHB Oki Hai 0-0: Ball
1-0: Called Strike
1-1: Swinging Strike
1-2: SINGLE (Line Drive, 6M)
Batting: SHB Jorge Ayala 0-0: Called Strike
Oki Hai steals 2nd base
0-1: Ball
1-1: Intentional Walk
Pinch Hitting: SHB Joel Field 0-0: Ball
1-0: Ball
2-0: Ball
3-0: Called Strike
3-1: Bunt missed!
3-2: Fielders Choice at 2nd, 4-6 (Groundball, 4M)
Oki Hai to third
Batting: SHB Paul Maddox 0-0: Ball
1-0: Called Strike
1-1: Ball
2-1: Fly out, F4 (Popup, 4MD)
Batting: RHB Melvin Daniels 0-0: Foul Ball, location: 2F
0-1: Foul Ball, location: 2F
0-2: Ball
1-2: Ground out 4-3 (Groundball, 34)
Top of the 7th over - 0 runs, 1 hit, 0 errors, 2 left on base; Bellevue 1 - Mt. Vernon 0
BOTTOM OF THE 7TH
Mt. Vernon Bulls batting - Pitching for Bellevue Bruins : RHP Jeff Porter
Now in RF: Jin-yong Ch'oe
Batting: RHB Tyler Utterback 0-0: Swinging Strike
0-1: Ball
1-1: Ball
2-1: Swinging Strike
2-2: Strikes out swinging
Batting: LHB Pablo Morales 0-0: Called Strike
0-1: Swinging Strike
0-2: Strikes out swinging
Batting: RHB José Salinas 0-0: SINGLE (Flyball, 78S)
Batting: SHB Rodolphe Nairn 0-0: Ball
1-0: Ball
2-0: SINGLE (Line Drive, 34D)
José Salinas to second
Batting: RHB Jesse Francis 0-0: Ball
1-0: Ball
2-0: Called Strike
2-1: Ball
3-1: Foul Ball, location: 2F
3-2: Base on Balls
José Salinas to third
Rodolphe Nairn to second
Batting: RHB Renato Lavado 0-0: Ball
1-0: Swinging Strike
1-1: Called Strike
1-2: Fly out, F9 (Flyball, 89S)
Bottom of the 7th over - 0 runs, 2 hits, 0 errors, 3 left on base; Bellevue 1 - Mt. Vernon 0
TOP OF THE 8TH
Bellevue Bruins batting - Pitching for Mt. Vernon Bulls : RHP Bobby Roode
Batting: LHB Atro Jarvilehto 0-0: Ball
1-0: Fly out, F8 (Flyball, 8LM)
Batting: RHB Ryan Faulkner 0-0: Ball
1-0: Ball
2-0: Ball
3-0: Called Strike
3-1: Base on Balls
Batting: SHB Júlio Morín Jr. 0-0: Called Strike
0-1: Swinging Strike
0-2: Ball
1-2: Ball
2-2: Strikes out swinging
Batting: SHB Aurelio Jiménez 0-0: Called Strike
0-1: Called Strike
0-2: Ball
1-2: Ball
Wild Pitch!
Ryan Faulkner to second
2-2: Ball
3-2: SINGLE (Line Drive, 56)
Ryan Faulkner to third
Ryan Faulkner scores
Pitching: RHP Curt Orser
Batting: RHB Oki Hai 0-0: Ball
1-0: Ball
2-0: Ball
3-0: Swinging Strike
3-1: Fly out, F8 (Flyball, 8LD)
Top of the 8th over - 1 run, 1 hit, 0 errors, 1 left on base; Bellevue 2 - Mt. Vernon 0
BOTTOM OF THE 8TH
Mt. Vernon Bulls batting - Pitching for Bellevue Bruins : RHP Jeff Porter
Batting: LHB Rich Watkins 0-0: Ball
1-0: Called Strike
1-1: Ball
2-1: Swinging Strike
2-2: Foul Ball, location: 2F
2-2: Strikes out swinging
Batting: SHB Toby Sutton 0-0: Called Strike
0-1: Called Strike
0-2: Strikes out swinging
Batting: RHB Robby Arnold 0-0: Ball
1-0: Ground out 5-3 (Groundball, 56S)
Bottom of the 8th over - 0 runs, 0 hits, 0 errors, 0 left on base; Bellevue 2 - Mt. Vernon 0
TOP OF THE 9TH
Bellevue Bruins batting - Pitching for Mt. Vernon Bulls : RHP Curt Orser
Pitching: RHP Jeffery Prosser
Batting: SHB Jorge Ayala 0-0: Fly out, F9 (Flyball, 9)
Batting: SHB Jin-yong Ch'oe 0-0: Ball
1-0: Ball
2-0: Called Strike
2-1: Ground out U3 (Groundball, 3L)
Batting: SHB Paul Maddox 0-0: Ball
1-0: Ball
2-0: Called Strike
2-1: Called Strike
2-2: Foul Ball, location: 2F
2-2: Fly out, F8 (Flyball, 8LD)
Top of the 9th over - 0 runs, 0 hits, 0 errors, 0 left on base; Bellevue 2 - Mt. Vernon 0
BOTTOM OF THE 9TH
Mt. Vernon Bulls batting - Pitching for Bellevue Bruins : RHP Jeff Porter
Batting: RHB Tyler Utterback 0-0: Called Strike
0-1: Ball
1-1: Foul Ball, location: 2F
1-2: Strikes out swinging
Pitching: LHP Paco Salazar
Batting: LHB Pablo Morales 0-0: Called Strike
0-1: Ball
1-1: Ground out 4-3 (Groundball, 4)
Batting: RHB José Salinas 0-0: Called Strike
0-1: Ball
1-1: Hit by Pitch
Batting: SHB Rodolphe Nairn 0-0: Ball
1-0: Ball
2-0: Ball
3-0: Base on Balls
José Salinas to second
Batting: RHB Jesse Francis 0-0: Ball
1-0: Foul Ball, location: 2F
1-1: Foul Ball, location: 2F
1-2: Ball
2-2: Strikes out swinging
Bottom of the 9th over - 0 runs, 0 hits, 0 errors, 2 left on base; Bellevue 2 - Mt. Vernon 0
Sunday, March 18th, 2018 - OOTP Baseball 18.8 Build 76